 Dungeon Crawl Stone Soup version 0.24.1 (webtiles) character file.

Game seed: 9593301625189352924, levelgen mode: deterministic

594 Impishgrin the Cudgeler (level 7, -2/45 HPs)
             Began as a Gargoyle Fighter on Mar 31, 2020.
             Slain by an ogre
             ... wielding a +0 giant club
              (14 damage)
             ... on level 5 of the Dungeon.
             The game lasted 00:14:18 (4585 turns).

Impishgrin the Cudgeler (Gargoyle Fighter)          Turns: 4585, Time: 00:14:18

Health: -2/45      AC: 13    Str: 20    XL:     7   Next: 39%
Magic:  7/7        EV:  7    Int:  9    God:
Gold:   237        SH: 13    Dex: 10    Spells: 6/6 levels left

rFire    + . .     SeeInvis .   k - +0 whip
rCold    . . .     Gourm    .   c - +0 shield
rNeg     + . .     Faith    .   t - +0 scale mail {rF+}
rPois    ∞         Spirit   .   x - +1 hat
rElec    +         Reflect  +   (no cloak)
rCorr    .         Harm     .   g - +0 pair of gloves
MR       .....                  (no boots)
Stlth    ..........             y - +4 amulet of reflection
HPRegen  0.15/turn              (no ring)
MPRegen  0.10/turn              (no ring)

@: no status effects
A: negative energy resistance 1, electricity resistance, unbreathing,
petrification resistance, rot immunity, AC +4
a: no special abilities


You were on level 5 of the Dungeon.
You were not hungry.

You visited 1 branch of the dungeon, and saw 5 of its levels.

You collected 237 gold pieces.

Inventory:

Hand Weapons
 a - a +0 flail
 k - a +0 whip (weapon)
Missiles
 n - 8 javelins
 z - 8 poisoned darts (quivered)
 A - 8 datura-tipped darts
Armour
 b - a +0 scale mail
 c - a +0 shield (worn)
 g - a +0 pair of gloves (worn)
 t - a +0 scale mail of fire resistance (worn)
 x - a +1 hat (worn)
Jewellery
 y - a +4 amulet of reflection (around neck)
Scrolls
 h - a scroll of fear {unknown}
 i - 3 scrolls of identify
 j - 3 scrolls of magic mapping
 o - 4 scrolls of enchant armour {unknown}
 p - 2 scrolls of amnesia {unknown}
 q - a scroll of blinking {unknown}
 r - a scroll of teleportation {unknown}
 s - a scroll of remove curse {unknown}
 u - a scroll of immolation {unknown}
 w - 2 scrolls of fog {unknown}
 C - a scroll of enchant weapon {unknown}
Potions
 d - 3 potions of might
 e - 2 potions of curing
 l - 3 potions of heal wounds {unknown}
 m - a potion of haste {unknown}
 v - 2 potions of flight {unknown}
 E - 2 potions of brilliance {unknown}
Comestibles
 f - 8 rations
 D - a chunk of flesh


   Skills:
 + Level 5.8 Fighting
 * Level 6.6 Maces & Flails
 - Level 3.3 Armour
 - Level 3.2 Shields


You had 6 spell levels left.
You didn't know any spells.
Your spell library contained the following spells:

 Spells                   Type           Power        Failure   Level  Hunger
 Animate Skeleton         Necr           N/A          99%         1    ##.....
 Apportation              Tloc           #.....       99%         1    ##.....
 Confusing Touch          Hex            #.....       99%         1    ##.....
 Summon Small Mammal      Summ           #...         99%         1    ##.....


Dungeon Overview and Level Annotations

Branches:
Dungeon (5/15)
 Temple: D:4-7

Altars:
Dithmenos
Hepliaklqana
Vehumet

Annotations:
D:5 Blork the orc


Innate Abilities, Weirdness & Mutations

You are resistant to torment.
Your stone body is resilient. (AC +4)
You are immune to poison.
You resist negative energy. (rN+)
You are resistant to electric shocks. (rElec)
You can survive without breathing.
You are immune to petrification.
You are immune to rotting.


Message History

The ogre is lightly wounded.
The ogre barely misses you.
The centaur looks more healthy.
The centaur shoots an arrow.
The arrow hits you!
You see here an arrow.
The centaur shoots an arrow.
The arrow hits you.
* * * LOW HITPOINT WARNING * * *
You see here an arrow.
Blork the orc comes into view.
He is wielding a +0 glaive.
The centaur shoots an arrow.
You reflect the arrow off an invisible shield around you!
The arrow hits the centaur!
Found 9 gold pieces.
There are no items here.
As you read the scroll labeled WAZ YPTYLAMOV, it crumbles to dust.
You smell wet wool.
It was a scroll of random uselessness.
Blork the orc points at you and mumbles some strange words.
The puff of frost hits you but does no damage.
The ogre hits you with a +0 giant club!
You die...

#..######
#........
#####(#######
#...#(# #
#...#.#######
####............
###.........######
#.Oc(.......#
#@#..(......#
#.####...#### #
#.# #...# # #o#
#...# ## #.# ##.##
#. #.# .# #. #.#
.# #. #.# #. #.


You could see Blork the orc, an ogre and a centaur.

Vanquished Creatures
  A phantom (D:4)
  An ogre (D:4)
  A howler monkey (D:4)
  2 crimson imps
  A jelly (D:5)
  A hound (D:5)
  Terence (D:2)
  A howler monkey skeleton (D:4)
  3 gnolls (D:2)
  9 adders
  An ooze (D:3)
  A worm (D:2)
  5 dart slugs
  4 leopard geckos
  5 orcs
  8 bats
  6 giant cockroaches
  5 goblins
  9 hobgoblins
  7 jackals
  3 quokkas
  2 ball pythons
  5 frilled lizards
  8 kobolds
  A leopard gecko skeleton (D:4)
  10 rats
101 creatures vanquished.

Vanquished Creatures (others)
  An orc (D:4)
1 creature vanquished.

Grand Total: 102 creatures vanquished

Notes
Turn   | Place    | Note
-------+----------+-------------------------------------------
     0 | D:1      | Impishgrin the Gargoyle Fighter began the quest for the
                  | Orb.
     0 | D:1      | Reached XP level 1. HP: 14/14 MP: 1/1
   331 | D:1      | Reached XP level 2. HP: 19/19 MP: 2/2
   810 | D:2      | Reached skill level 3 in Maces & Flails
   810 | D:2      | Reached XP level 3. HP: 16/24 MP: 3/3
   836 | D:2      | Noticed Terence
  1171 | D:3      | Reached XP level 4. HP: 27/29 MP: 4/4
  1616 | D:2      | Reached skill level 4 in Maces & Flails
  1698 | D:2      | Reached XP level 5. HP: 19/34 MP: 5/5
  2245 | D:2      | Killed Terence
  2675 | D:3      | Reached skill level 5 in Maces & Flails
  2782 | D:3      | Found a hazy altar of Hepliaklqana.
  2818 | D:3      | Reached XP level 6. HP: 40/40 MP: 6/6
  2853 | D:3      | Found a shadowy altar of Dithmenos.
  3008 | D:3      | Found a radiant altar of Vehumet.
  3281 | D:4      | Reached skill level 5 in Fighting
  3449 | D:4      | Noticed a phantom
  3481 | D:4      | Killed a phantom
  3481 | D:4      | Reached skill level 6 in Maces & Flails
  3481 | D:4      | Reached XP level 7. HP: 29/44 MP: 7/7
  4277 | D:5      | Entered Level 5 of the Dungeon
  4583 | D:5      | Noticed Blork the orc
  4585 | D:5      | Slain by an ogre

Levels and vault maps discovered:
D:1:      dpeg_arrival_prison, layout_rooms, serial_park_tiny_2,
          minmay_heptomino_l4
D:2:      layout_basic, first_ration, serial_curves, eino_curves_01,
          eino_curves_01, serial_bayou_pond_c, st_stairs_10, uniq_terence
D:3:      layout_loops_cross, grunt_dithmenos_smoke, lemuel_crystal_altar,
          vehumet_crystals
D:4:      layout_loops_ring, serial_glass, glass_columns_b, glass_columns_c,
          glass_columns_c, glass_columns_a, glass_columns_a, glass_columns_b,
          glass_columns_a, glass_columns_b, glass_columns_c, glass_columns_b,
          chequers_serial_rivers_small_a, chequers_big_river
D:5:      layout_loops_ring, kennysheep_mini, lemuel_crystal_altar,
          uniq_blork_the_orc

Skill      XL: |  1  2  3  4  5  6 |
---------------+-------------------+-----
Maces & Flails | 3 4 5 6 |  6.6
Fighting       | 4 5 |  5.8
Armour         | |  3.3
Shields        | |  3.2

Action                   |  1- 3 |  4- 6 |  7- 9 || total
-------------------------+-------+-------+-------++-------
Melee: Flail             |    54 |       |       ||    54
       Whip              |    82 |   596 |    73 ||   751
Throw: Dart              |       |    10 |     5 ||    15
       Javelin           |       |     6 |       ||     6
  Use: Potion            |     1 |       |       ||     1
       Scroll            |       |     2 |     1 ||     3
  Eat: Chunk             |     1 |     8 |     4 ||    13
Armor: Scale mail        |   149 |   233 |    24 ||   406
Dodge: Dodged            |    66 |   121 |    16 ||   203
Block: Shield            |   108 |   256 |    46 ||   410
       Reflection        |       |     1 |     3 ||     4
